 Dungeon Crawl Stone Soup version 0.26.1-10-gdfb7c7de75 (webtiles) character file.

Game seed: 14802337880907424768

160 phalm the Changer (level 5, -1/22 (33) HPs)
             Began as an Octopode Transmuter on Apr 2, 2021.
             Was an Initiate of the Shining One.
             Slain by bjacot's ghost (2 damage)
             ... on level 3 of the Dungeon.
             The game lasted 00:07:17 (4199 turns).

phalm the Changer (Octopode Transmuter)             Turns: 4199, Time: 00:07:18

HP:   -1/22 (33)    AC:  1    Str:  9    XL:     5   Next: 41%
MP:   6/8           EV: 13    Int: 15    God:    the Shining One [......]
Gold: 188           SH:  0    Dex: 14    Spells: 2/8 levels left

rFire    . . .     SeeInvis .     - Unarmed
rCold    . . .     Faith    .   (no shield)
rNeg     . . .     Spirit   .   (helmet currently unavailable)
rPois    .         Reflect  .   (no amulet)
rElec    .         Harm     .   (no ring)
rCorr    .         Rampage  .   f - ring of wizardry
Will     .....                  h - ring of flight
Stlth    +.........             (no ring)
HPRegen  0.07/turn              (no ring)
MPRegen  0.11/turn              (no ring)
                                (no ring)
                                (no ring)

@: appendages, glowing, very heavily drained
A: almost no armour, stealthy swim, amphibious, 8 rings, constrict 8, tentacle
spike 3, camouflage 1, gelatinous body 1
a: End Transformation, Renounce Religion, Evoke Flight


You were on level 3 of the Dungeon.
You worshipped the Shining One.
The Shining One was noncommittal.
One of your tentacles had a temporary spike.
You visited 1 branch of the dungeon, and saw 3 of its levels.

You collected 188 gold pieces.

Inventory:

Jewellery
 f - a ring of wizardry (right tentacle)
 h - a ring of flight (on tentacle)
Scrolls
 b - a scroll of amnesia
 c - a scroll of fog {unknown}
Potions
 a - a potion of attraction
 d - a potion of might {unknown}
 e - a potion of heal wounds {unknown}
 g - a potion of berserk rage {unknown}
 i - a potion of haste {unknown}


   Skills:
 - Level 1.0 Fighting
 - Level 2.0 Dodging
 - Level 3.0 Unarmed Combat
 - Level 2.0 Spellcasting
 * Level 4.0 Transmutations
 * Level 0.2 Ice Magic
 * Level 4.0 Poison Magic


You had 2 spell levels left.
You knew the following spells:

 Your Spells              Type           Power        Failure   Level
a - Beastly Appendage     Tmut           26%          1%          1
b - Wereblood             Tmut           13%          2%          2
c - Spider Form           Tmut/Pois      6%           5%          3

Your spell library contained the following spells:

 Spells                   Type           Power        Failure   Level
 Ice Form                 Ice/Tmut       7%           34%         4
 Blade Hands              Tmut           6%           41%         5


Dungeon Overview and Level Annotations

Branches:
Dungeon (3/15)

Altars:
Dithmenos
Gozag
Makhleb
Uskayaw
Vehumet
Xom
The Shining One

Shops:
D:2 *

Annotations:
D:3 bjacot's ghost, amateur SpBr


Innate Abilities, Weirdness & Mutations

You cannot wear most types of armour.
You are very stealthy in the water. (Stealth+)
You are amphibious.
You can wear up to eight rings at the same time.
You can use your tentacles to constrict eight enemies at once.
Your skin changes colour to match your surroundings (Stealth+).
Your rubbery body absorbs attacks. (AC +1, EV +1)
One of your tentacles bears a large vicious spike.


Message History

You tentacle-slap bjacot's ghost, but do no damage.
Bjacot's ghost is heavily damaged.
Bjacot's ghost hits you.
* * * LOW HITPOINT WARNING * * *
You feel drained.
You barely miss bjacot's ghost.
Your tentacle spike misses bjacot's ghost.
Bjacot's ghost is heavily damaged.
Bjacot's ghost makes a sound of rattling chains.
Bjacot's ghost misses you.
You aren't carrying any items that you can evoke.
You barely miss bjacot's ghost.
Bjacot's ghost is heavily damaged.
Bjacot's ghost completely misses you.
You tentacle-slap bjacot's ghost.
You pierce bjacot's ghost.
Bjacot's ghost is almost destroyed.
Bjacot's ghost hits you.
* * * LOW HITPOINT WARNING * * *
You feel drained.
You die...

#......###### #..#
###.........###..# ###
###)######.......
##.≈###....# ######..
#.#..#..##.# ####.
##..⌠.#..##.# #..<.
#≈?.≈≈'..##.########.###
##..#≈W..##..##......#
#...≈.#@####....########
###≈..#......#..........
#≈##.##################
## ##


You could see bjacot's ghost.

Vanquished Creatures
  Jessica (D:3)
  Natasha (D:3)
  Robin (D:2)
  A gnoll (D:1)
  An adder (D:2)
  A dart slug (D:1)
  A leopard gecko (D:1)
  4 orcs (D:3)
  11 bats
  2 giant cockroaches
  18 goblins
  6 hobgoblins
  6 jackals
  A ball python (D:3)
  5 frilled lizards
  6 kobolds
  8 rats
74 creatures vanquished.

Notes
Turn   | Place    | Note
-------+----------+-------------------------------------------
     0 | D:1      | phalm the Octopode Transmuter began the quest for the Orb.
     0 | D:1      | Reached XP level 1. HP: 13/13 MP: 3/3
    38 | D:1      | Reached skill level 1 in Poison Magic
    38 | D:1      | Reached XP level 2. HP: 9/18 MP: 3/5
    43 | D:1      | Learned a level 2 spell: Wereblood
   428 | D:1      | Reached XP level 3. HP: 11/23 MP: 4/6
  1092 | D:1      | Learned a level 3 spell: Spider Form
  1869 | D:2      | Found a burning altar of Makhleb.
  1869 | D:2      | Noticed a blizzard demon
  2020 | D:2      | Found an opulent altar of Gozag.
  2024 | D:2      | Found Gozag's Platinum Reserve.
  2100 | D:2      | Noticed Robin
  2109 | D:2      | Reached XP level 4. HP: 21/28 MP: 4/7
  2115 | D:2      | Killed Robin
  2338 | D:2      | Found a shimmering altar of Xom.
  2340 | D:2      | Found an opulent altar of Gozag.
  2340 | D:2      | Found a shimmering altar of Xom.
  2342 | D:2      | Found a shadowy altar of Dithmenos.
  2342 | D:2      | Found a shadowy altar of Dithmenos.
  2342 | D:2      | Found a radiant altar of Vehumet.
  2726 | D:2      | Found a hide-covered altar of Uskayaw.
  3077 | D:3      | Noticed Jessica
  3085 | D:3      | Killed Jessica
  3086 | D:3      | Reached XP level 5. HP: 4/33 MP: 8/8
  3365 | D:3      | Found a shadowy altar of Dithmenos.
  3380 | D:3      | Noticed Natasha
  3421 | D:3      | Killed Natasha
  3601 | D:3      | Found a glowing golden altar of the Shining One.
  3671 | D:3      | Became a worshipper of the Shining One
  3854 | D:3      | Found a large runed translucent door.
  3856 | D:3      | Found a large runed translucent door.
  3891 | D:3      | Noticed bjacot's ghost (amateur SpBr)
  4199 | D:3      | HP: 1/23 [bjacot's ghost (4)]
  4199 | D:3      | Slain by bjacot's ghost

Illustrated notes

Levels and vault maps discovered:
D:1:      minmay_arrival_three_doors, layout_basic
D:2:      layout_loops_corners, makhleb_altar_promises_db,
          nicolae_gozag_zags_fifth_avenue, nicolae_overflow_hidden_temple,
          doesnt_xom_only_xom, uniq_robin
D:3:      layout_rooms, nicolae_dithmenos_shadow_blocks, old_standard_altar,
          ebering_ghost_disaster_area, kennysheep_small_spiral, uniq_natasha,
          uniq_jessica

Skill      XL: |  1  2  3  4  5 |
---------------+----------------+-----
Poison Magic   | 1 2 3 4 |  4.0
Transmutations | 3 4 |  4.0
Fighting       | |  1.0
Dodging        | |  2.0
Unarmed Combat | |  3.0
Spellcasting   | |  2.0
Ice Magic      | |  0.2

Action                   |  1- 3 |  4- 6 || total
-------------------------+-------+-------++-------
Melee: Unarmed           |    83 |    90 ||   173
       Tentacles         |     8 |     7 ||    15
       Kick              |    16 |    10 ||    26
       Constrict         |    24 |    17 ||    41
       Punch             |       |     2 ||     2
 Cast: Beastly Appendage |    27 |    21 ||    48
       Wereblood         |     2 |     3 ||     5
       Spider Form       |       |     1 ||     1
  Use: Scroll            |     2 |     2 ||     4
       Potion            |       |     1 ||     1
 Stab: Sleeping          |     4 |     2 ||     6
Armor: Skin              |     6 |       ||     6
Dodge: Dodged            |    57 |    60 ||   117
